 Dungeon Crawl Stone Soup version 0.20.1-1-g8b1a95d (webtiles) character file.

6968 Linguinho the Cleaver (level 10, -4/79 HPs)
             Began as a Demonspawn Fighter on Nov 9, 2017.
             Was a Believer of Ashenzari.
             Killed from afar by an electric eel (8 damage)
             ... with a bolt of electricity
             ... on level 1 of the Lair of Beasts.
             The game lasted 00:25:23 (10492 turns).

Linguinho the Cleaver (Demonspawn Fighter)         Turns: 10492, Time: 00:25:23

Health: -4/79      AC: 11    Str: 19    XL:     10   Next: 81%
Magic:  10/10      EV: 14    Int: 10    God:    Ashenzari [**....]
Gold:   250        SH:  0    Dex: 15    Spells: 9/9 levels left

rFire    + . .     SeeInvis .   p - +3 battleaxe (freeze) (curse)
rCold    + . .     Gourm    .   (shield currently unavailable)
rNeg     . . .     Faith    .   j - +0 ring mail (curse)
rPois    .         Spirit   .   (helmet restricted)
rElec    .         Reflect  .   (no cloak)
rCorr    .         Harm     .   B - +2 pair of gloves (curse)
MR       ++...                  (no boots)
Stlth    +.........             (no amulet)
Regen    0.3/turn               d - ring of protection from fire
MPRegen  0.2/turn               m - ring of wizardry

@: very slow
A: horns 1, thin metallic scales 1, agile 1, cold resistance 1, foul stench 1,
magic resistance 2, powered by death 1, wild magic 1, rot immunity
a: Curse Item, Scrying, Renounce Religion


You were on level 1 of the Lair of Beasts.
You worshipped Ashenzari.
Ashenzari was pleased with you.
You were very hungry.

You visited 3 branches of the dungeon, and saw 12 of its levels.

You collected 490 gold pieces.
You spent 240 gold pieces at shops.

Inventory:

Hand Weapons
 p - a cursed +3 battleaxe of freezing (weapon)
 C - a cursed +1 hand axe
Armour
 c - a +0 shield
 j - a cursed +0 ring mail (worn)
 B - a cursed +2 pair of gloves (worn)
 L - a +2 ring mail of magic resistance
Jewellery
 d - a ring of protection from fire (left hand)
 m - a ring of wizardry (right hand)
 J - an uncursed ring of protection from cold
Wands
 a - a wand of polymorph (14/24)
 e - a wand of flame (10/48)
 z - a wand of iceblast (8/15)
 F - a wand of random effects (21/48)
 G - a wand of random effects (33/48)
 H - a wand of polymorph (13/24)
 M - a wand of flame (17/48)
Scrolls
 h - 3 scrolls of magic mapping {unknown}
 n - a scroll of remove curse
 q - 3 scrolls of recharging
 t - 2 scrolls of teleportation
 v - a scroll of fog
 x - a scroll of enchant armour
 A - 3 scrolls of random uselessness
Potions
 b - a potion of cancellation {unknown}
 g - 2 potions of brilliance
 o - 4 potions of agility
 r - a potion of curing
 s - a potion of flight
 E - 2 potions of invisibility
 I - 2 potions of degeneration
 N - a potion of haste {unknown}
Books
 D - a book of Misfortune

   Spells                             Type                      Level
   a - Confusing Touch                Hexes                        1
   b - Confuse                        Hexes                        3
   c - Gell's Gravitas                Translocation                3
   d - Petrify                        Transmutation/Earth          4
   e - Metabolic Englaciation         Hexes/Ice                    5
   f - Yara's Violent Unravelling     Hexes/Transmutation          5
 K - a book of Maledictions

   Spells                             Type                      Level
   a - Corona                         Hexes                        1
   b - Ensorcelled Hibernation        Hexes/Ice                    2
   c - Confuse                        Hexes                        3
   d - Tukima's Dance                 Hexes                        3
   e - Dazzling Spray                 Conjuration/Hexes            3
Comestibles
 f - 6 bread rations
 i - 7 meat rations
 l - 6 royal jellies
 u - 2 fruits


   Skills:
 + Level 7.4 Fighting
 + Level 9.6(12.7) Axes
   Level 4.5(7.6) Maces & Flails
   Level 1.0(6.0) Polearms
 + Level 6.7 Armour
 + Level 4.9 Dodging
 + Level 1.6 Stealth
 + Level 4.8 Shields


You had 9 spell levels left.
You didn't know any spells.

Dungeon Overview and Level Annotations

Branches:
Dungeon (10/15)            Temple (1/1) D:4            Lair (1/6) D:10
    Orc: D:9-12

Altars:
Ashenzari
Cheibriados
Hepliaklqana
Kikubaaqudgha
Nemelex Xobeh
Okawaru
Qazlal
Ru
Sif Muna
Yredelemnul

Shops:
D:7 !   D:10 :


Innate Abilities, Weirdness & Mutations

You have a pair of small horns on your head.
You are partially covered in thin metallic scales. (AC +2)
You may emit foul miasma when damaged in melee.
You regenerate a little health from kills.
You are immune to rotting.
You are agile. (Dex +2)
Your flesh is cold resistant. (rC+)
You are highly resistant to hostile enchantments. (MR++)
Your spells are a little harder to cast, but a little more powerful.


Message History

The bolt of electricity hits the butterfly.
The butterfly dies!
The bolt of electricity hits the plant.
You closely miss the electric eel.
The electric eel is heavily wounded.
You hit the plant. You freeze the plant. You miss the electric eel.
The electric eel is heavily wounded.
You hit the plant. You freeze the plant. You hit the electric eel.
You freeze the electric eel.
The electric eel is severely wounded.
You slash the plant! You freeze the plant.
Your unstable footing causes you to fumble your attack.
Unknown command.
Your unstable footing causes you to fumble your attack.
The electric eel shoots out a bolt of lightning at you!
The bolt of electricity hits you!
* * * LOW HITPOINT WARNING * * *
The bolt of electricity hits you!
You die...

≈≈≈≈≈≈≈♣♣ ##P.. *
≈≈≈≈≈≈≈P♣ ##.... ≈≈≈≈≈≈≈P♣
###..##. * ≈≈≈≈≈≈≈÷♣####
####....#P.
≈≈≈≈≈PP≈≈....###P...######
P≈≈≈≈P≈≈###......### #
P≈≈≈≈PP≈# ####..## # ≈
≈P≈P≈≈P≈## #..# * *
≈.≈PP≈≈;@### ##.# , , ≈
......≈P#.P# #..## * , ,,
...........####...P * ,,
........[.#.......## , ,
.#####...........##,
#..........## ,, , ,
#..........# ⌠ * *
#..........# ,, *
#..........#* ,


You could see an electric eel.

Vanquished Creatures
  A two-headed ogre (D:10)
  2 unseen horrors (D:10)
  Joseph (D:8)
  A tengu conjurer (D:10)
  A troll (D:9)
  A wyvern (D:10)
  Sigmund (D:2)
  A human (D:6)
  A water moccasin (D:7)
  3 orc warriors
  2 ice beasts (D:10)
  2 sky beasts
  2 black bears
  3 phantoms
  5 ogres
  4 centaurs
  2 big kobolds
  4 bullfrogs
  A wyvern skeleton (D:10)
  A scorpion (D:7)
  6 killer bees
  A water moccasin skeleton (D:10)
  3 wights (D:6)
  3 crimson imps (D:8)
  An electric eel (Lair:1)
  3 centaur zombies
  4 hounds
  2 bullfrog skeletons
  2 centaur skeletons
  2 orc priests (D:6)
  2 jellies
  7 orc wizards
  4 iguanas
  6 worker ants
  2 hound skeletons
  A worker ant zombie (D:5)
  2 howler monkey skeletons
  6 adders
  3 shadow imps
  An ooze (D:2)
  3 adder zombies
  2 worms
  A dart slug (D:2)
  3 leopard geckos
  31 orcs
  2 ball pythons
  5 giant cockroaches
  5 goblins
  7 hobgoblins
  10 jackals
  2 quokkas
  5 bats
  5 frilled lizards
  A jackal skeleton (D:6)
  6 kobolds
  2 quokka skeletons
  A quokka zombie (D:9)
  7 rats
  A plant (D:10)
199 creatures vanquished.

Vanquished Creatures (others)
  A butterfly (Lair:1)
1 creature vanquished.

Grand Total: 200 creatures vanquished

Notes
Turn   | Place    | Note
-------+----------+-------------------------------------------
     0 | D:1      | Linguinho the Demonspawn Fighter began the quest for the Orb.
     0 | D:1      | Reached XP level 1. HP: 18/18 MP: 1/1
   199 | D:1      | Gained mutation: You are immune to rotting. [demonic ancestry]
   199 | D:1      | Reached XP level 2. HP: 20/24 MP: 2/2
   520 | D:1      | Reached skill level 2 in Axes
   748 | D:2      | Gained mutation: You may emit foul miasma when damaged in melee. [demonic ancestry]
   748 | D:2      | Reached XP level 3. HP: 29/29 MP: 3/3
   980 | D:2      | Found a sparkling altar of Nemelex Xobeh.
  1008 | D:2      | Noticed Sigmund
  1020 | D:2      | Killed Sigmund
  1020 | D:2      | Reached skill level 3 in Axes
  1020 | D:2      | Reached skill level 1 in Dodging
  1020 | D:2      | Reached XP level 4. HP: 12/37 MP: 4/4
  1020 | D:2      | Reached XP level 5. HP: 14/42 MP: 5/5
  2031 | D:4      | Noticed a phantom
  2061 | D:4      | Killed a phantom
  2061 | D:4      | Reached skill level 4 in Axes
  2061 | D:4      | Gained mutation: You are partially covered in thin metallic scales. (AC +2) [demonic ancestry]
  2061 | D:4      | Reached XP level 6. HP: 34/48 MP: 6/6
  2713 | D:4      | Found a staircase to the Ecumenical Temple.
  2730 | Temple   | Entered the Ecumenical Temple
  2767 | Temple   | Became a worshipper of Ashenzari the Shackled
  3066 | D:4      | Reached skill level 1 in Polearms
  3066 | D:4      | Gained mutation: You have a pair of small horns on your head. [demonic ancestry]
  3066 | D:4      | Reached XP level 7. HP: 40/55 MP: 7/7
  3734 | D:5      | Entered Level 5 of the Dungeon
  3819 | D:5      | Reached skill level 1 in Maces & Flails
  5036 | D:6      | Reached XP level 8. HP: 38/61 MP: 8/8
  5303 | D:6      | Reached skill level 5 in Armour
  5313 | D:6      | Found a runed door.
  5318 | D:6      | Found a basalt altar of Yredelemnul.
  5369 | D:6      | Reached skill level 5 in Fighting
  5576 | D:6      | Gained mutation: Your skin changes colour to match your surroundings (Stealth+). [potion of mutation]
  5576 | D:6      | Gained mutation: Your spells are a little easier to cast, but a little less powerful. [potion of mutation]
  5576 | D:6      | Gained mutation: You have a pair of horns on your head. [potion of mutation]
  5576 | D:6      | Gained mutation: Your flesh is cold resistant. (rC+) [potion of mutation]
  6214 | D:7      | Found Ady Siom's Distillery.
  6365 | D:7      | Gained mutation: You regenerate a little health from kills. [demonic ancestry]
  6365 | D:7      | Reached XP level 9. HP: 49/68 MP: 9/9
  6399 | D:7      | Reached skill level 5 in Axes
  6617 | D:7      | Lost mutation: You have a pair of horns on your head. [potion of mutation]
  6617 | D:7      | Lost mutation: Your spells are a little easier to cast, but a little less powerful. [potion of mutation]
  6617 | D:7      | Lost mutation: Your flesh is cold resistant. (rC+) [potion of mutation]
  6617 | D:7      | Lost mutation: Your skin changes colour to match your surroundings (Stealth+). [potion of mutation]
  6617 | D:7      | Gained mutation: Scrolls take you a little longer to read. [potion of mutation]
  6617 | D:7      | Gained mutation: You possess an exceptional clarity of mind. [potion of mutation]
  6618 | D:7      | Bought a potion of mutation for 120 gold pieces
  6618 | D:7      | Lost mutation: Scrolls take you a little longer to read. [potion of mutation]
  6618 | D:7      | Lost mutation: You possess an exceptional clarity of mind. [potion of mutation]
  6618 | D:7      | Gained mutation: Your mind is acute. (Int +2) [potion of mutation]
  6618 | D:7      | Gained mutation: You are resistant to hostile enchantments. (MR+) [potion of mutation]
  6618 | D:7      | Lost mutation: Your mind is acute. (Int +2) [potion of mutation]
  6618 | D:7      | Gained mutation: Your muscles are strong. (Str +2) [potion of mutation]
  6619 | D:7      | Bought a potion of mutation for 120 gold pieces
  6619 | D:7      | Lost mutation: Your muscles are strong. (Str +2) [potion of mutation]
  6619 | D:7      | Lost mutation: You are resistant to hostile enchantments. (MR+) [potion of mutation]
  6619 | D:7      | Gained mutation: You are resistant to hostile enchantments. (MR+) [potion of mutation]
  6619 | D:7      | Gained mutation: Your spells are a little harder to cast, but a little more powerful. [potion of mutation]
  6619 | D:7      | Gained mutation: You are robust. (+10% HP) [potion of mutation]
  6619 | D:7      | Gained mutation: You passively map a small area around you. [potion of mutation]
  6639 | D:7      | Reached * piety under Ashenzari
  6706 | D:7      | Reached skill level 1 in Stealth
  7048 | D:8      | Lost mutation: Your spells are a little harder to cast, but a little more powerful. [potion of mutation]
  7048 | D:8      | Lost mutation: You passively map a small area around you. [potion of mutation]
  7048 | D:8      | Lost mutation: You are robust. (+10% HP) [potion of mutation]
  7048 | D:8      | Gained mutation: Your flesh is cold resistant. (rC+) [potion of mutation]
  7048 | D:8      | Gained mutation: You are highly resistant to hostile enchantments. (MR++) [potion of mutation]
  7048 | D:8      | Gained mutation: Your spells are a little harder to cast, but a little more powerful. [potion of mutation]
  7048 | D:8      | Gained mutation: You are agile. (Dex +2) [potion of mutation]
  7180 | D:8      | Reached skill level 6 in Axes
  7392 | D:8      | Noticed Joseph
  7401 | D:8      | Killed Joseph
  7873 | D:9      | Reached skill level 7 in Axes
  8304 | D:9      | Noticed a troll
  8309 | D:9      | Killed a troll
  8309 | D:9      | Reached XP level 10. HP: 44/77 MP: 10/10
  8381 | D:9      | Found an iron altar of Okawaru.
  8756 | D:9      | Reached ** piety under Ashenzari
  8828 | D:10     | Entered Level 10 of the Dungeon
  8865 | D:10     | Noticed a two-headed ogre
  8871 | D:10     | Killed a two-headed ogre
  8871 | D:10     | Reached skill level 8 in Axes
  8891 | D:10     | Killed an unseen horror
  8967 | D:10     | Found Hoach's Book Shoppe.
  9145 | D:10     | HP: 1/79 [wyvern skeleton (12)]
  9495 | D:10     | Found a staircase to the Lair.
  9509 | D:10     | Reached skill level 9 in Axes
  9958 | D:10     | Killed an unseen horror
 10192 | Lair:1   | Entered Level 1 of the Lair of Beasts
 10492 | Lair:1   | Killed from afar by an electric eel

Skill      XL: |  1  2  3  4  5  6  7  8  9 10 |
---------------+-------------------------------+-----
Shields        | 3 4 |  4.8
Axes           | 2 3 4 7 9 |  9.6
Armour         | 3 4 5 6 |  6.7
Dodging        | 1 2 3 4 |  4.9
Fighting       | 4 5 6 7 |  7.4
Polearms       | 1 |  1.0
Maces & Flails | 2 4 |  4.5
Stealth        | 1 |  1.6

Action                   |  1- 3 |  4- 6 |  7- 9 | 10-12 || total
-------------------------+-------+-------+-------+-------++-------
Melee: War axe           |   114 |    71 |       |       ||   185
       Spear             |       |    55 |     4 |       ||    59
       Mace              |       |       |   164 |       ||   164
       Headbutt          |       |       |    66 |    22 ||    88
       Battleaxe         |       |       |   160 |   114 ||   274
Invok: Curse Item        |       |       |     2 |       ||     2
  Use: Potion            |     1 |       |    10 |     1 ||    12
       Scroll            |       |       |    14 |     1 ||    15
 Stab: Sleeping          |       |       |     1 |       ||     1
  Eat: Chunk             |       |     6 |    18 |     6 ||    30
Armor: Scale mail        |    47 |       |       |       ||    47
       Ring mail         |       |    35 |   145 |    65 ||   245
       Skin              |       |       |    34 |       ||    34
Dodge: Dodged            |    38 |    47 |   178 |    92 ||   355
Block: Shield            |    57 |    33 |    85 |       ||   175
